 Dungeon Crawl Stone Soup version 0.32-a0-876-gcfddb08e57 (webtiles) character file.

Game seed: 13847937395059474518

1367 bmack86 the Cleaver (level 8, -8/64 HPs)
             Began as a Minotaur Fighter on Apr 1, 2024.
             Mangled by an ogre
             ... wielding a +0 giant spiked club
              (27 damage)
             ... on level 6 of the Dungeon.
             The game lasted 00:10:31 (3480 turns).

bmack86 the Cleaver (Minotaur Fighter)              Turns: 3480, Time: 00:10:31

Health: -8/64      AC:  9    Str: 24    XL:     8   Next: 38%
Magic:  7/7        EV:  8    Int:  5    God:
Gold:   182        SH:  5    Dex: 15    Spells: 7/7 levels left

rFire   . . .        a - +1 war axe
rCold   . . .        c - +0 buckler
rNeg    . . .        b - +0 scale mail
rPois   .            (helmet restricted)
rElec   .            j - +0 cloak
rCorr   .            n - +0 pair of gloves
SInv    .            (no boots)
Will    .....        (no amulet) Stlth
                     p - +6 ring of dexterity
HPRegen 0.30/turn    (no ring)
MPRegen 0.10/turn

%: no passive effects
@: no status effects
A: horns 2, retaliatory headbutt
a: no special abilities


You were on level 6 of the Dungeon.
You visited 1 branch of the dungeon, and saw 5 of its levels.
You also visited: Sewer.

You collected 182 gold pieces.

Inventory:

Hand Weapons
 a - a +1 war axe (weapon)
Missiles
 f - 15 poisoned darts (quivered)
Armour
 b - a +0 scale mail (worn)
 c - a +0 buckler (worn)
 j - a +0 cloak (worn)
 n - a +0 pair of gloves (worn)
Jewellery
 p - a +6 ring of dexterity (left hand)
Scrolls
 g - a scroll of poison
 m - a scroll of blinking {unknown}
 r - a scroll of revelation {unknown}
 t - a scroll of butterflies {unknown}
 u - a scroll of fear {unknown}
 w - a scroll of torment {unknown}
Potions
 d - a potion of might
 e - 4 potions of curing
 h - 2 potions of attraction
 i - a potion of berserk rage
 k - 2 potions of enlightenment
 l - 3 potions of heal wounds {unknown}
 o - 2 potions of mutation {unknown}
 q - a potion of haste {unknown}
 s - a potion of brilliance {unknown}
 v - a potion of magic {unknown}


   Skills:
 - Level 3.6 Fighting
 + Level 12.0 Axes
 - Level 3.6 Armour
 - Level 5.0 Shields


You had 7 spell levels left.
You didn't know any spells.
Your spell library contained the following spells:

 Spells                   Type           Power      Damage    Failure   Level
 Kiss of Death            Conj/Necr      0%         2d5       83%         1
 Magic Dart               Conj           0%         1d3       83%         1
 Ensorcelled Hibernation  Hex/Ice        0%         N/A       93%         2
 Searing Ray              Conj           0%         2d4       93%         2
 Confusing Touch          Hex            0%         N/A       99%         3
 Fugue of the Fallen      Necr           0%         N/A       99%         3
 Anguish                  Hex/Necr       0%         N/A       100%        4
 Dispel Undead            Necr           0%         3d6       100%        4
 Fulminant Prism          Conj/Alch      0%         3d5       100%        4


Dungeon Overview and Level Annotations

Branches:
Dungeon (6/15)              Sewer (visited)
 Temple: D:4-7

Altars:

Annotations:
D:6 2 transporters


Innate Abilities, Weirdness & Mutations

You have a pair of horns on your head.
You reflexively headbutt those who attack you in melee.


Message History

You feel sick. The orc hits you but does no damage.
You slash the orc!
You kill the orc!
You feel sick.
You feel sick.
You are no longer poisoned.
You now have 182 gold pieces (gained 28).
Items here: )))) [ †††.
Okay, then.
HP restored.
Found a transporter.
There is a transporter here.
Found a spear.
Found a scroll of vulnerability.
Found a transporter.
You see here a +0 spear.
Found a scroll labelled QAAFIQ NEQOR.
Found a flail.
w - a scroll labelled QAAFIQ NEQOR A hound comes into view.
The hound barks!
The hound moves out of view.
An ogre comes into view. It is wielding a +0 giant spiked club.
The ogre shouts!
You see here a +0 flail.
The hound bites you but does no damage. The hound barely misses you.
You furiously retaliate!
You headbutt the hound! You slash the hound! You headbutt the hound.
You kill the hound!
Your Axes skill increases to level 12!
The ogre hits you with a +0 giant spiked club!!
You barely miss the ogre.
The ogre hits you with a +0 giant spiked club!!
* * * LOW HITPOINT WARNING * * *
You slash the ogre! Your headbutt misses the ogre.
The ogre is heavily wounded.
You hit the ogre. Your headbutt misses the ogre.
The ogre is severely wounded.
The ogre hits you with a +0 giant spiked club!!
You die...

####### ......# ......#
..... ########...# ..#
#......O..# #.# ### #@#
#.##.. ###.# #....
#.).# #..###### #.###
####.......###.##
.....#####......#
......)......#..#######
############..........#
#~~~~~~S#Pß#..........#


You could see an ogre.

Vanquished Creatures
  Sigmund (D:2)
  Edmund (D:4)
  A water moccasin (D:6)
  Pargi (Sewer)
  A black bear (D:4)
  An ogre (D:6)
  The ghost of EvilEddieB the Trooper, an amateur DsGl (D:3)
  A brain worm (Sewer)
  A bullfrog (D:3)
  A scorpion (D:4)
  A hound (D:6)
  Crazy Yiuf (D:2)
  An orc priest (D:4)
  Natasha (thrice) (D:4)
  An iguana (D:6)
  2 orc wizards
  3 gnolls (D:4)
  9 adders
  12 orcs
  5 bats
  10 endoplasms
  7 giant cockroaches
  5 goblins
  4 hobgoblins
  5 kobolds
  3 quokkas
  10 ball pythons
  11 frilled lizards
  10 rats
113 creatures vanquished.

Notes
Turn   | Place    | Note
-------+----------+-------------------------------------------
     0 | D:1      | bmack86 the Minotaur Fighter began the quest for the Orb.
     0 | D:1      | Reached XP level 1. HP: 19/19 MP: 0/0
    78 | D:1      | Reached XP level 2. HP: 26/26 MP: 1/1
   313 | D:1      | Reached skill level 3 in Axes
   602 | D:1      | Reached XP level 3. HP: 31/31 MP: 2/2
   922 | D:2      | Reached skill level 5 in Shields
   952 | D:2      | Reached skill level 4 in Axes
   952 | D:2      | Reached XP level 4. HP: 10/39 MP: 3/3
  1092 | D:2      | Noticed Sigmund
  1101 | D:2      | Killed Sigmund
  1102 | D:2      | Reached skill level 6 in Axes
  1102 | D:2      | Reached XP level 5. HP: 45/45 MP: 4/4
  1129 | D:2      | Found a runed translucent door.
  1130 | D:2      | Noticed Crazy Yiuf
  1138 | D:2      | Killed Crazy Yiuf
  1139 | D:2      | Reached XP level 6. HP: 16/51 MP: 5/5
  1379 | D:3      | Found a runed translucent door.
  1404 | D:3      | Noticed EvilEddieB's ghost (amateur DsGl)
  1466 | D:3      | Reached skill level 7 in Axes
  2092 | D:3      | Killed EvilEddieB's ghost
  2093 | D:3      | Reached skill level 8 in Axes
  2217 | D:4      | Noticed Natasha
  2224 | D:4      | Killed Natasha
  2225 | D:4      | Reached XP level 7. HP: 50/57 MP: 6/6
  2332 | D:4      | Noticed Natasha
  2338 | D:4      | Killed Natasha
  2339 | D:4      | Reached skill level 9 in Axes
  2562 | D:4      | Noticed Natasha
  2572 | D:4      | Killed Natasha
  2654 | D:4      | Noticed Edmund
  2662 | D:4      | Killed Edmund
  2736 | D:4      | Reached skill level 10 in Axes
  2987 | D:4      | You fall into a shaft and drop 2 floors!
  2998 | D:6      | Reached XP level 8. HP: 53/64 MP: 7/7
  3088 | D:6      | Reached skill level 11 in Axes
  3092 | D:6      | Found a glowing drain.
  3097 | Sewer    | Entered a sewer
  3181 | Sewer    | Noticed Pargi
  3189 | Sewer    | Killed Pargi
  3430 | D:6      | Found a transporter.
  3449 | D:6      | Found a transporter.
  3477 | D:6      | Reached skill level 12 in Axes
  3480 | D:6      | Mangled by an ogre

Illustrated notes

Levels and vault maps discovered:
D:1:      lemuel_arrival_behind_the_door_small, layout_loops_cross
D:2:      layout_basic, uniq_sigmund, uniq_crazy_yiuf_cottage
D:3:      layout_loops_ring, ebering_ghost_sewer_d, st_stairs_1
D:4:      layout_basic, grunt_temple_overflow_octagram,
          mainiacjoe_overflow_six_doors_small, minmay_misc_feat_secret_circle,
          uniq_edmund, uniq_menkaure, uniq_natasha
D:6:      gammafunk_steamed_eel, layout_rooms, lemuel_doored_altar,
          mainiacjoe_sewer_entry_somewhere_in_here_1, uniq_blork_the_orc

Skill      XL: |  1  2  3  4  5  6  7  8 |
---------------+-------------------------+-----
Shields        | 4 5 |  5.0
Axes           | 3 4 6 8 10 12 | 12.0
Fighting       | |  3.6
Armour         | |  3.6

Action                     |  1- 3 |  4- 6 |  7- 9 || total
---------------------------+-------+-------+-------++-------
  Melee: War axe           |    79 |   107 |   108 ||   294
         Headbutt          |     9 |    16 |    11 ||    36
  Throw: Dart              |       |       |     5 ||     5
    Use: Scroll            |       |     3 |     5 ||     8
 Armour: Scale mail        |    66 |    69 |    92 ||   227
  Dodge: Dodged            |    40 |    38 |    39 ||   117
  Block: Buckler           |    27 |    18 |    22 ||    67

Table legend: (Time is in decaauts)
 A = Elapsed time spent in this place.
 B = Non-inter-level travel time spent in this place.
 C = Inter-level travel time spent in this place.
 D = Time resting spent in this place.
 E = Time spent auto-exploring this place.
 F = Levels seen in this place.
 G = Mean time per level.
                   A        B        C        D        E       F      G
               +--------+--------+--------+--------+--------+-----+--------+
         Total |   3570 |   3511 |     59 |     85 |   2332 |   6 |  595.0 |
       Dungeon |   3384 |   3325 |     59 |     85 |   2300 |   5 |  676.8 |
         Sewer |    186 |    186 |      0 |      0 |     31 |   1 |  186.0 |
               +--------+--------+--------+--------+--------+-----+--------+

Top non-repeatable levels by time:
     D:4: 863 daAuts
     D:3: 765 daAuts
     D:1: 718 daAuts
     D:2: 691 daAuts
     D:6: 345 daAuts
   Sewer: 186 daAuts
